 Dungeon Crawl Stone Soup version 0.17-a0-1430-g49fde19 (webtiles) character file.

126 Fluffy the Unweaver (level 4, -7/35 HPs)
             Began as a Demonspawn Abyssal Knight on June 25, 2015.
             Was a Follower of Lugonu.
             Killed by divine providence
             ... invoked by an orc priest
              (12 damage)
             ... on level 3 of the Dungeon.
             The game lasted 00:05:50 (2468 turns).

Fluffy the Unweaver (Demonspawn Abyssal Knight)     Turns: 2468, Time: 00:05:50

Health: -7/35      AC:  7    Str: 11    XL:     4   Next: 84%
Magic:  7/7        EV:  8    Int: 14    God:    Lugonu [*.....]
Gold:   128        SH:  0    Dex: 12    Spells: 0 memorised, 3 levels left

rFire  . . .     SeeInvis .     a - +1 falchion
rCold  . . .     Clarity  .     o - +1 scale mail
rNeg   . . .     SustAt   .     (no shield)
rPois  .         Gourm    .     (helmet restricted)
rElec  .         Spirit   .     (no cloak)
rCorr  .         Warding  .     (no gloves)
rMut   .         Stasis   .     (no boots)
MR     .....                    (no amulet)
Stlth  ..........               (no ring)
                                q - ring of loudness (curse)

@: lethally poisoned (-7 -> -7), not resistant to hostile enchantments,
extremely unstealthy
A: hooves 2, horns 1, screaming 1, weak 1
a: Depart the Abyss, Renounce Religion


You were on level 3 of the Dungeon.
You worshipped Lugonu.
Lugonu was aware of your devotion.
You were very hungry.

You visited 1 branch of the dungeon, and saw 3 of its levels.
You visited the Abyss 1 time.

You collected 128 gold pieces.

Inventory:

Hand weapons
 a - a +1 falchion (weapon)
Armour
 o - a +1 scale mail (worn)
Jewellery
 q - a cursed ring of loudness (left hand)
Magical devices
 i - a wand of slowing (29)
Scrolls
 f - a scroll of teleportation
 h - a scroll of enchant armour
Potions
 e - a potion of mutation
 g - a potion of magic {unknown}
 k - a potion of curing {unknown}
 l - 2 potions of poison {unknown}
 m - 2 potions of heal wounds {unknown}
Comestibles
 c - 3 bread rations


   Skills:
 - Level 3.0 Fighting
 + Level 3.5 Long Blades
 - Level 1.7 Armour
 - Level 0.8 Dodging
 + Level 4.9 Invocations


You had 3 spell levels left.
You didn't know any spells.

Dungeon Overview and Level Annotations

Branches:
Dungeon (3/15)

Altars:
Gozag
Makhleb


Innate Abilities, Weirdness & Mutations

You have hoof-like feet.
You have a pair of small horns on your head.
You occasionally shout uncontrollably at your foes.
You are weak. (Str -2)


Message History

The orc wizard casts a spell.
The orc wizard blinks!
You miss the adder. The adder barely misses you.
The adder bites you but does no damage. The adder bites you.
The orc priest mumbles some strange prayers to Beogh against you.
Something smites you!
* * * LOW HITPOINT WARNING * * *
You slash the adder!
You kill the adder!
Lugonu accepts your kill.
You feel yourself speed up.
You feel sick.
The orc priest looks braver.
Drink which item? (? for menu, Esc to quit)
You feel extremely strange.
You feel weaker. A pair of horns grows on your head!
You feel the urge to shout.
The orc priest invokes the aid of Beogh against you.
Something smites you!
You die...

********* #######....ยง....#
*,,,,,,,* #...............#
*,,,,,,,* #.......<.......#
*,,,,,,,* #$o....o)....%..#
*,,,,,,,* ##.o..#.........#
*,,,,,,,* #o##..)........#
*,,,,,,,* #K####.........#
*,,,,,,,* #o# #.........*
*,,,,,,,** #@# #........,*
*******,,**** #.# *#......,**
**_****,,,*,*###.# **...,,,**
8,,,8***,,,,,,...##*******,*,,***
,,,,,***,,,,,,,...,,,,,,,,,,,,,,,
,,,,,8****,,,*##.##*######*,***,*
,,,,,** **,**##..##......*,* *,,
8,,,8******** #<..........,,* **,
,,,,,**,,,** #.##........,,* *,


You could see an orc priest, 3 orcs and a kobold.

Vanquished Creatures
  Ijyb (D:2)
  Terence (D:2)
  4 adders
  2 giant geckos
  A goblin (D:2)
  5 hobgoblins
  6 kobolds
  A ball python (D:2)
  5 bats
  6 giant newts
  2 jackals (D:2)
  A quokka (D:2)
  8 rats
43 creatures vanquished.

Notes
Turn   | Place    | Note
--------------------------------------------------------------
     0 | Abyss:1  | Fluffy the Demonspawn Abyssal Knight began the quest for the Orb.
     0 | Abyss:1  | Reached XP level 1. HP: 18/18 MP: 2/2
    52 | D:1      | Escaped the Abyss
   293 | D:1      | Acquired Lugonu's first power
   293 | D:1      | Gained mutation: You have large cloven feet. [demonic ancestry]
   293 | D:1      | Reached XP level 2. HP: 24/24 MP: 4/4
   942 | D:2      | Noticed Ijyb
   960 | D:2      | Killed Ijyb
   960 | D:2      | Gained mutation: You have hoof-like feet. [demonic ancestry]
   960 | D:2      | Reached XP level 3. HP: 26/29 MP: 5/5
  1000 | D:2      | Reached skill level 4 in Invocations
  1277 | D:2      | Noticed Terence
  1578 | D:2      | Killed Terence
  1578 | D:2      | Reached XP level 4. HP: 15/35 MP: 7/7
  1757 | D:2      | Found an opulent altar of Gozag.
  2258 | D:2      | Found a burning altar of Makhleb.
  2468 | D:3      | Gained mutation: You are weak. (Str -2) [potion of mutation]
  2468 | D:3      | Gained mutation: You have a pair of small horns on your head. [potion of mutation]
  2468 | D:3      | Gained mutation: You occasionally shout uncontrollably at your foes. [potion of mutation]
  2468 | D:3      | Killed from afar by an orc priest

Vault maps used:
D:1:      minmay_arrival_jagged
D:2:      bloody_makhleb, first_bread, nicolae_gozag_seed_capital, uniq_terence,
          uniq_iyjb
D:3:      nicolae_overflow_hidden_temple

Action                   |  1- 3 |  4- 6 || total
-------------------------+-------+-------++-------
Melee: Falchion          |   111 |    62 ||   173
Invok: Depart the Abyss  |     1 |       ||     1
  Use: Scroll            |       |     7 ||     7
       Potion            |       |     1 ||     1
  Eat: Chunk             |     2 |     2 ||     4
